[ AOE2 MATCH · #475348882 ]
UnrankedSlavs vs Burgundians
[ REPLAY ANALYSIS · EXTRACTED FROM THE RECORDED GAME ]
Feudal
10:45
Castle
14:31
Imperial
29:25
| APM avg | 32.1 |
| APM peak | 109 |
| eAPM avg | 16.3 |
| Villagers / military | 180 / 129 |
Focus
⚔️ 24.7% · 🌾 75.3%
Boyar ×64 · Spearman ×60 · Trebuchet (Packed) ×5
Feudal
10:31
Castle
14:06
Imperial
27:26
| APM avg | 48.8 |
| APM peak | 93 |
| eAPM avg | 25.7 |
| Villagers / military | 134 / 157 |
Focus
⚔️ 40.3% · 🌾 59.7%
Spearman ×58 · Longbowman ×48 · Militia ×46 · Trebuchet (Packed) ×3 · Monk ×2
Feudal
11:07
Castle
14:57
Imperial
31:20
| APM avg | 22.5 |
| APM peak | 51 |
| eAPM avg | 14.6 |
| Villagers / military | 158 / 153 |
Focus
⚔️ 17.8% · 🌾 82.2%
Spearman ×105 · Scorpion ×42 · Mangonel ×3 · Trebuchet (Packed) ×3
Feudal
12:19
Castle
15:57
Imperial
34:47
| APM avg | 51.8 |
| APM peak | 117 |
| eAPM avg | 18.6 |
| Villagers / military | 123 / 65 |
Focus
⚔️ 17.9% · 🌾 82.1%
Knight ×62 · Mangonel ×2 · Militia ×1
Feudal
11:48
Castle
15:21
Imperial
24:59
| APM avg | 22.8 |
| APM peak | 70 |
| eAPM avg | 11.7 |
| Villagers / military | 94 / 26 |
Focus
⚔️ 25.2% · 🌾 74.8%
Spearman ×11 · Trebuchet (Packed) ×5 · Knight ×3 · Coustillier ×2 · Battering Ram ×2 · Scout Cavalry ×2
Feudal
9:00
Castle
19:35
Imperial
25:30
| APM avg | 52.1 |
| APM peak | 117 |
| eAPM avg | 26.8 |
| Villagers / military | 129 / 136 |
Focus
⚔️ 45.8% · 🌾 54.2%
Steppe Lancer ×105 · Battering Ram ×13 · Camel Scout ×8 · Kipchak ×7 · Trebuchet (Packed) ×3
Feudal
11:10
Castle
15:01
Imperial
31:06
| APM avg | 31.1 |
| APM peak | 76 |
| eAPM avg | 15.8 |
| Villagers / military | 144 / 153 |
Focus
⚔️ 18.9% · 🌾 81.1%
Spearman ×85 · Archer ×37 · War Elephant ×28 · Trade Cart ×5 · Monk ×2 · Bombard Cannon ×1
Feudal
10:58
Castle
14:28
Imperial
29:32
| APM avg | 41.8 |
| APM peak | 94 |
| eAPM avg | 23.4 |
| Villagers / military | 122 / 107 |
Focus
⚔️ 30.6% · 🌾 69.4%
Spearman ×40 · Hand Cannoneer ×29 · Gbeto ×26 · Petard ×6 · Bombard Cannon ×6
Match map
Initial resources + every placement click. Lines = walls · curves = elevation contours. ◆ gold · ⬟ stone · ● berries · ✦ relic · ◌ wall gap
Your base· ✓ Closed at 14:31 · 0t walls · 3 gate(s)
晚辞小宝宝's base· ✓ Closed at 14:06 · 0t walls · 2 gate(s)
Lalo Salamanca's base· ✓ Closed at 14:57 · 0t walls · 2 gate(s)
abc963852741's base· ✓ Closed at 15:57 · 0t walls · 3 gate(s)
dark moon's base· ✓ Closed at 15:21 · 0t walls · 2 gate(s)
乌西迪西's base· ✓ Closed at 19:35 · 0t walls · 3 gate(s)
630总监's base· ✓ Closed at 15:01 · 0t walls · 2 gate(s)
帅能当饭吃's base· ✓ Closed at 14:28 · 0t walls · 2 gate(s)
Smoothed initial terrain · ◌ = detected wall gap · hover for details
Inputs per minute
— 小吉弟弟 - - 晚辞小宝宝
Build order — 小吉弟弟
First 150 of 385 actions detected
| 0:04 | Create | Villager (Male) |
| 0:04 | Create | Villager (Male) |
| 0:04 | Create | Villager (Male) |
| 0:06 | Build | House |
| 0:09 | Build | House |
| 0:11 | Build | House |
| 0:36 | Create | Villager (Male) |
| 0:36 | Create | Villager (Male) |
| 1:43 | Create | Villager (Male) |
| 1:43 | Create | Villager (Male) |
| 2:03 | Create | Villager (Male) |
| 2:04 | Create | Villager (Male) |
| 2:17 | Create | Villager (Male) |
| 2:17 | Create | Villager (Male) |
| 2:47 | Create | Villager (Male) |
| 3:11 | Build | Lumber Camp |
| 3:12 | Create | Villager (Male) |
| 3:50 | Create | Villager (Male) |
| 3:51 | Create | Villager (Male) |
| 4:13 | Create | Villager (Male) |
| 4:41 | Create | Villager (Male) |
| 4:41 | Create | Villager (Male) |
| 4:42 | Create | Villager (Male) |
| 5:08 | Build | Mill |
| 5:30 | Build | House |
| 5:56 | Build | House |
| 6:19 | Build | Farm |
| 6:30 | Create | Villager (Male) |
| 6:30 | Create | Villager (Male) |
| 6:31 | Create | Villager (Male) |
| 6:31 | Create | Villager (Male) |
| 6:58 | Build | Farm |
| 7:33 | Create | Villager (Male) |
| 8:20 | Research | Feudal Age |
| 8:41 | Create | Villager (Male) |
| 8:41 | Create | Villager (Male) |
| 10:45 | Age | Feudal Age |
| 10:50 | Build | Market |
| 10:54 | Build | Blacksmith |
| 11:05 | Research | Double-Bit Axe |
| 11:38 | Research | Horse Collar |
| 11:51 | Research | Castle Age |
| 11:56 | Research | Horse Collar |
| 12:08 | Build | House |
| 12:09 | Build | House |
| 12:39 | Create | Villager (Male) |
| 12:39 | Create | Villager (Male) |
| 14:31 | Age | Castle Age |
| 14:34 | Build | Town Center |
| 14:38 | Build | Town Center |
| 15:03 | Research | Bow Saw |
| 15:25 | Create | Villager (Male) |
| 15:27 | Create | Villager (Male) |
| 15:27 | Create | Villager (Male) |
| 15:29 | Create | Villager (Male) |
| 15:43 | Create | Villager (Male) |
| 15:51 | Create | Villager (Male) |
| 15:52 | Create | Villager (Male) |
| 15:52 | Create | Villager (Male) |
| 16:05 | Create | Villager (Male) |
| 16:05 | Create | Villager (Male) |
| 16:05 | Create | Villager (Male) |
| 16:10 | Build | Farm |
| 16:13 | Build | Farm |
| 16:19 | Build | Farm |
| 16:22 | Build | Farm |
| 16:36 | Create | Villager (Male) |
| 16:41 | Build | Farm |
| 16:43 | Build | Farm |
| 16:50 | Build | Farm |
| 16:59 | Create | Villager (Male) |
| 17:05 | Build | Farm |
| 17:10 | Build | Farm |
| 17:20 | Build | Town Center |
| 17:21 | Create | Villager (Male) |
| 17:24 | Build | Farm |
| 17:32 | Create | Villager (Male) |
| 17:38 | Build | Farm |
| 17:43 | Build | Farm |
| 17:49 | Create | Villager (Male) |
| 17:51 | Build | Farm |
| 17:56 | Build | Farm |
| 17:58 | Create | Villager (Male) |
| 17:59 | Create | Villager (Male) |
| 18:04 | Build | Farm |
| 18:06 | Build | Farm |
| 18:10 | Create | Villager (Male) |
| 18:11 | Create | Villager (Male) |
| 18:22 | Create | Villager (Male) |
| 18:27 | Build | Town Center |
| 18:39 | Create | Villager (Male) |
| 18:39 | Create | Villager (Male) |
| 18:40 | Create | Villager (Male) |
| 18:46 | Build | Farm |
| 18:47 | Create | Villager (Male) |
| 18:57 | Build | Farm |
| 18:58 | Create | Villager (Male) |
| 19:01 | Build | House |
| 19:04 | Build | House |
| 19:06 | Create | Villager (Male) |
| 19:09 | Build | Farm |
| 19:14 | Build | Farm |
| 19:19 | Create | Villager (Male) |
| 19:28 | Build | Farm |
| 19:29 | Create | Villager (Male) |
| 19:29 | Create | Villager (Male) |
| 19:32 | Build | Farm |
| 19:38 | Build | House |
| 19:40 | Create | Villager (Male) |
| 19:51 | Build | Farm |
| 19:52 | Create | Villager (Male) |
| 19:55 | Create | Villager (Male) |
| 19:55 | Create | Villager (Male) |
| 19:56 | Create | Villager (Male) |
| 19:56 | Create | Villager (Male) |
| 19:59 | Build | Farm |
| 20:03 | Create | Villager (Male) |
| 20:05 | Build | House |
| 20:11 | Create | Villager (Male) |
| 20:11 | Create | Villager (Male) |
| 20:18 | Create | Villager (Male) |
| 20:22 | Build | Farm |
| 20:26 | Create | Villager (Male) |
| 20:28 | Create | Villager (Male) |
| 20:32 | Build | Farm |
| 20:34 | Create | Villager (Male) |
| 20:34 | Create | Villager (Male) |
| 20:40 | Build | Farm |
| 20:40 | Create | Villager (Male) |
| 20:44 | Build | House |
| 20:46 | Create | Villager (Male) |
| 20:51 | Create | Villager (Male) |
| 20:52 | Create | Villager (Male) |
| 20:55 | Build | Farm |
| 20:56 | Create | Villager (Male) |
| 20:59 | Create | Villager (Male) |
| 20:59 | Create | Villager (Male) |
| 21:04 | Build | Farm |
| 21:05 | Create | Villager (Male) |
| 21:10 | Create | Villager (Male) |
| 21:15 | Build | House |
| 21:16 | Create | Villager (Male) |
| 21:21 | Build | Farm |
| 21:22 | Create | Villager (Male) |
| 21:22 | Create | Villager (Male) |
| 21:25 | Create | Villager (Male) |
| 21:26 | Create | Villager (Male) |
| 21:31 | Create | Villager (Male) |
| 21:37 | Build | House |
| 21:39 | Create | Villager (Male) |
Build order — 晚辞小宝宝
First 150 of 482 actions detected
| 0:01 | Create | Villager (Male) |
| 0:01 | Create | Villager (Male) |
| 0:02 | Build | House |
| 0:03 | Build | House |
| 0:04 | Create | Villager (Male) |
| 0:11 | Create | Villager (Male) |
| 1:20 | Create | Villager (Male) |
| 1:42 | Create | Villager (Male) |
| 1:47 | Build | Lumber Camp |
| 2:07 | Create | Villager (Male) |
| 2:07 | Create | Villager (Male) |
| 2:30 | Create | Villager (Male) |
| 2:30 | Create | Villager (Male) |
| 2:39 | Create | Villager (Male) |
| 3:28 | Create | Villager (Male) |
| 3:28 | Create | Villager (Male) |
| 3:28 | Create | Villager (Male) |
| 3:53 | Build | House |
| 3:54 | Build | House |
| 4:24 | Create | Villager (Male) |
| 4:28 | Build | Mill |
| 4:33 | Create | Villager (Male) |
| 4:33 | Create | Villager (Male) |
| 4:38 | Build | House |
| 4:46 | Create | Villager (Male) |
| 4:46 | Create | Villager (Male) |
| 5:22 | Create | Villager (Male) |
| 5:31 | Create | Villager (Male) |
| 5:32 | Create | Villager (Male) |
| 6:01 | Create | Villager (Male) |
| 6:02 | Create | Villager (Male) |
| 6:02 | Create | Villager (Male) |
| 6:34 | Create | Villager (Male) |
| 6:49 | Create | Villager (Male) |
| 6:49 | Create | Villager (Male) |
| 6:58 | Create | Villager (Male) |
| 6:58 | Create | Villager (Male) |
| 7:47 | Research | Feudal Age |
| 8:07 | Build | Mining Camp |
| 8:39 | Create | Villager (Male) |
| 8:39 | Create | Villager (Male) |
| 9:21 | Build | Farm |
| 9:23 | Build | Farm |
| 9:52 | Build | Farm |
| 10:31 | Age | Feudal Age |
| 10:34 | Build | Blacksmith |
| 10:36 | Build | Market |
| 10:43 | Research | Double-Bit Axe |
| 11:18 | Research | Horse Collar |
| 11:26 | Research | Castle Age |
| 12:32 | Build | Farm |
| 12:34 | Build | Farm |
| 12:36 | Build | Farm |
| 12:49 | Build | House |
| 13:17 | Create | Villager (Male) |
| 13:27 | Build | Farm |
| 13:28 | Build | House |
| 13:41 | Create | Villager (Male) |
| 14:06 | Age | Castle Age |
| 14:12 | Build | Town Center |
| 14:19 | Build | Monastery |
| 14:23 | Build | Town Center |
| 14:46 | Research | Bow Saw |
| 14:46 | Research | Bow Saw |
| 14:47 | Create | Villager (Male) |
| 15:06 | Create | Villager (Male) |
| 15:18 | Create | Monk |
| 15:24 | Create | Villager (Male) |
| 15:30 | Create | Villager (Male) |
| 15:31 | Create | Villager (Male) |
| 15:38 | Research | Heavy Plow |
| 15:38 | Research | Heavy Plow |
| 15:41 | Create | Villager (Male) |
| 15:52 | Create | Villager (Male) |
| 15:58 | Research | Wheelbarrow |
| 16:01 | Build | Farm |
| 16:03 | Create | Villager (Male) |
| 16:19 | Build | Farm |
| 16:19 | Create | Villager (Male) |
| 16:21 | Build | Farm |
| 16:23 | Create | Villager (Male) |
| 16:24 | Create | Villager (Male) |
| 16:38 | Build | Farm |
| 16:39 | Build | Farm |
| 16:46 | Create | Villager (Male) |
| 16:49 | Build | Farm |
| 16:54 | Create | Monk |
| 16:57 | Build | Farm |
| 16:57 | Create | Villager (Male) |
| 17:06 | Build | Farm |
| 17:07 | Create | Villager (Male) |
| 17:14 | Build | Farm |
| 17:15 | Create | Villager (Male) |
| 17:15 | Create | Villager (Male) |
| 17:19 | Create | Villager (Male) |
| 17:39 | Build | Town Center |
| 17:41 | Create | Villager (Male) |
| 17:48 | Create | Villager (Male) |
| 17:53 | Create | Villager (Male) |
| 18:00 | Create | Villager (Male) |
| 18:03 | Build | Farm |
| 18:09 | Create | Villager (Male) |
| 18:14 | Build | House |
| 18:22 | Create | Villager (Male) |
| 18:27 | Build | House |
| 18:28 | Build | House |
| 18:32 | Research | Town Watch |
| 18:39 | Create | Villager (Male) |
| 18:40 | Create | Villager (Male) |
| 18:47 | Create | Villager (Male) |
| 18:54 | Create | Villager (Male) |
| 18:56 | Build | Farm |
| 18:58 | Build | Farm |
| 18:58 | Build | Farm |
| 18:59 | Create | Villager (Male) |
| 19:02 | Build | Mill |
| 19:03 | Build | Farm |
| 19:03 | Build | Farm |
| 19:05 | Create | Villager (Male) |
| 19:07 | Build | House |
| 19:08 | Create | Villager (Male) |
| 19:20 | Create | Villager (Male) |
| 19:29 | Build | Farm |
| 19:31 | Build | Farm |
| 19:32 | Create | Villager (Male) |
| 19:33 | Create | Villager (Male) |
| 19:37 | Build | House |
| 19:38 | Build | House |
| 19:40 | Create | Villager (Male) |
| 19:43 | Build | Farm |
| 19:44 | Create | Villager (Male) |
| 19:46 | Build | Farm |
| 19:46 | Create | Villager (Male) |
| 19:48 | Create | Villager (Male) |
| 19:53 | Build | Mill |
| 19:54 | Create | Villager (Male) |
| 20:00 | Create | Villager (Male) |
| 20:10 | Build | Farm |
| 20:10 | Create | Villager (Male) |
| 20:13 | Build | Farm |
| 20:13 | Create | Villager (Male) |
| 20:16 | Build | Farm |
| 20:20 | Create | Villager (Male) |
| 20:26 | Create | Villager (Male) |
| 20:30 | Build | Farm |
| 20:35 | Build | Farm |
| 20:36 | Build | Farm |
| 20:38 | Build | Farm |
| 20:39 | Create | Villager (Male) |
| 20:41 | Build | House |
Build order — Lalo Salamanca
First 150 of 378 actions detected
| 0:02 | Build | House |
| 0:05 | Build | House |
| 0:06 | Build | House |
| 0:07 | Build | House |
| 0:08 | Create | Villager (Male) |
| 0:08 | Create | Villager (Male) |
| 0:09 | Create | Villager (Male) |
| 0:09 | Create | Villager (Male) |
| 1:37 | Create | Villager (Male) |
| 1:54 | Build | Lumber Camp |
| 2:13 | Create | Villager (Male) |
| 2:34 | Create | Villager (Male) |
| 2:34 | Create | Villager (Male) |
| 3:03 | Create | Villager (Male) |
| 3:15 | Create | Villager (Male) |
| 3:56 | Create | Villager (Male) |
| 4:16 | Create | Villager (Male) |
| 4:25 | Build | Mill |
| 4:38 | Create | Villager (Male) |
| 5:09 | Create | Villager (Male) |
| 5:09 | Create | Villager (Male) |
| 5:31 | Create | Villager (Male) |
| 5:31 | Create | Villager (Male) |
| 5:57 | Create | Villager (Male) |
| 6:47 | Create | Villager (Male) |
| 6:51 | Create | Villager (Male) |
| 6:52 | Create | Villager (Male) |
| 7:25 | Create | Villager (Male) |
| 7:53 | Create | Villager (Male) |
| 8:57 | Research | Feudal Age |
| 9:10 | Build | Mining Camp |
| 9:24 | Build | Farm |
| 9:28 | Build | Farm |
| 9:34 | Create | Villager (Male) |
| 9:34 | Create | Villager (Male) |
| 10:16 | Build | House |
| 10:19 | Build | House |
| 11:07 | Age | Feudal Age |
| 11:15 | Build | Market |
| 11:17 | Build | Blacksmith |
| 12:17 | Research | Castle Age |
| 12:22 | Build | Farm |
| 12:31 | Build | Lumber Camp |
| 13:02 | Build | Farm |
| 13:06 | Create | Villager (Male) |
| 13:06 | Create | Villager (Male) |
| 13:34 | Build | Mining Camp |
| 13:43 | Research | Double-Bit Axe |
| 13:45 | Research | Horse Collar |
| 14:23 | Build | Farm |
| 14:29 | Create | Villager (Male) |
| 14:39 | Build | Farm |
| 14:57 | Age | Castle Age |
| 15:02 | Create | Villager (Male) |
| 15:09 | Build | Town Center |
| 15:18 | Create | Villager (Male) |
| 15:56 | Build | House |
| 15:58 | Build | House |
| 15:59 | Build | House |
| 16:07 | Build | Farm |
| 16:08 | Build | Farm |
| 16:42 | Build | Farm |
| 16:45 | Create | Villager (Male) |
| 16:46 | Create | Villager (Male) |
| 16:46 | Create | Villager (Male) |
| 16:51 | Build | Farm |
| 16:57 | Build | Farm |
| 17:13 | Build | Siege Workshop |
| 17:19 | Create | Villager (Male) |
| 17:19 | Create | Villager (Male) |
| 17:27 | Create | Villager (Male) |
| 17:27 | Create | Villager (Male) |
| 17:36 | Build | House |
| 17:38 | Build | House |
| 17:57 | Build | Town Center |
| 17:59 | Create | Villager (Male) |
| 18:05 | Create | Mangonel |
| 18:27 | Research | Bow Saw |
| 18:30 | Create | Villager (Male) |
| 18:30 | Create | Villager (Male) |
| 18:31 | Create | Villager (Male) |
| 18:32 | Create | Villager (Male) |
| 18:32 | Create | Villager (Male) |
| 18:49 | Build | Barracks |
| 18:58 | Build | House |
| 18:59 | Build | House |
| 19:06 | Create | Villager (Male) |
| 19:15 | Create | Villager (Male) |
| 19:22 | Create | Villager (Male) |
| 19:23 | Create | Villager (Male) |
| 19:31 | Create | Villager (Male) |
| 19:31 | Create | Villager (Male) |
| 19:39 | Create | Villager (Male) |
| 19:49 | Build | House |
| 19:53 | Create | Mangonel |
| 19:57 | Build | House |
| 20:01 | Build | House |
| 20:10 | Build | Barracks |
| 20:13 | Build | House |
| 20:52 | Create | Villager (Male) |
| 20:52 | Create | Villager (Male) |
| 20:54 | Create | Villager (Male) |
| 20:54 | Create | Villager (Male) |
| 20:56 | Build | Farm |
| 20:56 | Build | Farm |
| 20:57 | Build | Farm |
| 21:07 | Build | Stone Wall |
| 21:08 | Build | Stone Wall |
| 21:24 | Build | Castle |
| 21:49 | Build | Farm |
| 21:51 | Build | Farm |
| 21:53 | Build | Farm |
| 21:59 | Create | Villager (Male) |
| 22:00 | Create | Villager (Male) |
| 22:00 | Create | Villager (Male) |
| 22:00 | Create | Villager (Male) |
| 22:10 | Build | Mining Camp |
| 22:20 | Build | Farm |
| 22:23 | Create | Mangonel |
| 22:24 | Create | Villager (Male) |
| 22:24 | Create | Villager (Male) |
| 22:25 | Create | Villager (Male) |
| 22:38 | Build | Stone Wall |
| 22:56 | Create | Villager (Male) |
| 22:56 | Create | Villager (Male) |
| 22:57 | Create | Villager (Male) |
| 23:07 | Build | Mill |
| 23:17 | Build | Mining Camp |
| 23:29 | Build | House |
| 23:30 | Build | House |
| 23:32 | Build | House |
| 23:40 | Build | Farm |
| 23:41 | Build | Farm |
| 23:41 | Build | Farm |
| 23:49 | Build | Farm |
| 23:50 | Build | Farm |
| 23:52 | Create | Villager (Male) |
| 23:52 | Create | Villager (Male) |
| 23:53 | Create | Villager (Male) |
| 23:53 | Create | Villager (Male) |
| 23:56 | Create | Villager (Male) |
| 23:56 | Create | Villager (Male) |
| 23:56 | Create | Villager (Male) |
| 23:58 | Create | Villager (Male) |
| 24:10 | Build | Farm |
| 24:15 | Build | Farm |
| 24:23 | Build | Farm |
| 24:28 | Build | Farm |
| 24:30 | Build | Farm |
| 24:35 | Build | Farm |
Build order — abc963852741
First 150 of 338 actions detected
| 0:01 | Create | Villager (Male) |
| 0:02 | Create | Villager (Male) |
| 0:02 | Create | Villager (Male) |
| 0:02 | Create | Villager (Male) |
| 0:04 | Build | House |
| 0:05 | Build | House |
| 1:35 | Create | Villager (Male) |
| 1:35 | Create | Villager (Male) |
| 1:55 | Create | Villager (Male) |
| 1:55 | Create | Villager (Male) |
| 2:01 | Build | Lumber Camp |
| 2:26 | Create | Villager (Male) |
| 2:26 | Create | Villager (Male) |
| 2:54 | Create | Villager (Male) |
| 2:54 | Create | Villager (Male) |
| 2:55 | Create | Villager (Male) |
| 3:25 | Build | House |
| 3:26 | Build | House |
| 3:27 | Build | House |
| 3:41 | Create | Villager (Male) |
| 3:41 | Create | Villager (Male) |
| 4:29 | Create | Villager (Male) |
| 4:29 | Create | Villager (Male) |
| 4:59 | Build | Mill |
| 5:24 | Create | Villager (Male) |
| 5:25 | Create | Villager (Male) |
| 5:31 | Create | Villager (Male) |
| 5:31 | Create | Villager (Male) |
| 5:31 | Create | Villager (Male) |
| 6:02 | Create | Villager (Male) |
| 6:02 | Create | Villager (Male) |
| 6:02 | Create | Villager (Male) |
| 6:29 | Create | Villager (Male) |
| 6:29 | Create | Villager (Male) |
| 7:10 | Build | Farm |
| 7:22 | Create | Villager (Male) |
| 7:35 | Build | Farm |
| 7:47 | Create | Villager (Male) |
| 8:02 | Create | Villager (Male) |
| 8:20 | Create | Villager (Male) |
| 8:51 | Build | Mining Camp |
| 9:27 | Create | Villager (Male) |
| 9:32 | Build | Mining Camp |
| 10:09 | Research | Feudal Age |
| 10:10 | Research | Feudal Age |
| 10:24 | Create | Villager (Male) |
| 10:24 | Create | Villager (Male) |
| 12:19 | Age | Feudal Age |
| 12:22 | Build | Market |
| 12:29 | Build | Blacksmith |
| 13:17 | Research | Castle Age |
| 13:17 | Research | Castle Age |
| 13:20 | Create | Villager (Male) |
| 13:23 | Build | House |
| 13:41 | Create | Villager (Male) |
| 13:47 | Research | Double-Bit Axe |
| 13:47 | Research | Double-Bit Axe |
| 13:47 | Research | Double-Bit Axe |
| 13:50 | Research | Horse Collar |
| 13:50 | Research | Horse Collar |
| 13:52 | Create | Villager (Male) |
| 13:52 | Create | Villager (Male) |
| 14:00 | Build | House |
| 14:33 | Build | Farm |
| 15:02 | Create | Villager (Male) |
| 15:08 | Build | Farm |
| 15:12 | Build | Farm |
| 15:51 | Build | Barracks |
| 15:57 | Age | Castle Age |
| 16:09 | Build | Siege Workshop |
| 16:15 | Create | Villager (Male) |
| 16:23 | Build | Town Center |
| 16:31 | Create | Villager (Male) |
| 16:35 | Build | Farm |
| 16:56 | Create | Mangonel |
| 17:06 | Create | Villager (Male) |
| 17:06 | Create | Villager (Male) |
| 17:26 | Build | Town Center |
| 17:27 | Create | Villager (Male) |
| 17:27 | Create | Villager (Male) |
| 18:00 | Build | Gate |
| 18:02 | Create | Villager (Male) |
| 18:06 | Create | Villager (Male) |
| 18:13 | Build | Farm |
| 18:17 | Build | Farm |
| 18:18 | Create | Villager (Male) |
| 18:22 | Build | Farm |
| 18:38 | Create | Mangonel |
| 19:10 | Create | Villager (Male) |
| 19:17 | Build | Farm |
| 19:19 | Build | Farm |
| 19:29 | Build | Farm |
| 19:44 | Create | Villager (Male) |
| 19:51 | Build | Stable |
| 19:53 | Create | Villager (Male) |
| 19:58 | Build | Farm |
| 20:00 | Build | Farm |
| 20:01 | Create | Villager (Male) |
| 20:01 | Create | Villager (Male) |
| 20:04 | Build | Farm |
| 20:18 | Build | Farm |
| 20:21 | Create | Villager (Male) |
| 20:22 | Create | Villager (Male) |
| 20:22 | Create | Villager (Male) |
| 20:24 | Create | Villager (Male) |
| 20:25 | Create | Villager (Male) |
| 20:28 | Build | Farm |
| 20:34 | Create | Villager (Male) |
| 20:34 | Create | Villager (Male) |
| 20:49 | Create | Villager (Male) |
| 20:57 | Build | Stable |
| 21:09 | Build | Stable |
| 21:11 | Create | Knight |
| 21:12 | Create | Knight |
| 21:22 | Create | Villager (Male) |
| 21:22 | Create | Villager (Male) |
| 21:26 | Build | Farm |
| 21:29 | Build | Farm |
| 21:31 | Build | Farm |
| 21:32 | Create | Villager (Male) |
| 21:42 | Build | House |
| 21:58 | Create | Villager (Male) |
| 21:59 | Create | Villager (Male) |
| 22:04 | Build | Farm |
| 22:06 | Build | Farm |
| 22:11 | Build | Stable |
| 22:29 | Build | Farm |
| 22:35 | Build | Farm |
| 22:36 | Create | Villager (Male) |
| 22:39 | Build | Farm |
| 22:41 | Create | Villager (Male) |
| 22:42 | Create | Villager (Male) |
| 22:53 | Create | Villager (Male) |
| 22:58 | Build | Farm |
| 22:59 | Create | Villager (Male) |
| 22:59 | Create | Villager (Male) |
| 23:08 | Research | Scale Barding Armor |
| 23:09 | Research | Scale Barding Armor |
| 23:17 | Create | Villager (Male) |
| 23:17 | Create | Villager (Male) |
| 23:22 | Build | Farm |
| 23:24 | Build | Farm |
| 23:25 | Create | Villager (Male) |
| 23:25 | Create | Villager (Male) |
| 23:31 | Build | Stable |
| 23:41 | Build | Castle |
| 23:49 | Build | House |
| 23:51 | Create | Villager (Male) |
| 23:56 | Build | Farm |
| 24:02 | Build | Farm |
Build order — dark moon
First 150 of 224 actions detected
| 0:02 | Build | House |
| 0:02 | Create | Villager (Male) |
| 0:03 | Create | Villager (Male) |
| 0:03 | Create | Villager (Male) |
| 0:05 | Build | House |
| 0:05 | Create | Villager (Male) |
| 1:26 | Create | Villager (Male) |
| 1:26 | Create | Villager (Male) |
| 1:48 | Build | Lumber Camp |
| 1:51 | Create | Villager (Male) |
| 2:25 | Create | Villager (Male) |
| 2:25 | Create | Villager (Male) |
| 2:47 | Create | Villager (Male) |
| 2:48 | Create | Villager (Male) |
| 2:48 | Create | Villager (Male) |
| 3:30 | Build | House |
| 3:32 | Build | House |
| 3:39 | Create | Villager (Male) |
| 3:40 | Create | Villager (Male) |
| 4:16 | Create | Villager (Male) |
| 4:16 | Create | Villager (Male) |
| 4:31 | Build | House |
| 4:49 | Create | Villager (Male) |
| 4:49 | Create | Villager (Male) |
| 4:57 | Build | Mining Camp |
| 5:50 | Build | Mill |
| 5:51 | Create | Villager (Male) |
| 5:51 | Create | Villager (Male) |
| 5:51 | Create | Villager (Male) |
| 6:02 | Create | Villager (Male) |
| 6:02 | Create | Villager (Male) |
| 6:02 | Create | Villager (Male) |
| 6:16 | Create | Villager (Male) |
| 6:16 | Create | Villager (Male) |
| 6:19 | Create | Villager (Male) |
| 6:28 | Create | Villager (Male) |
| 7:13 | Build | Mining Camp |
| 7:14 | Create | Villager (Male) |
| 7:42 | Create | Villager (Male) |
| 8:26 | Research | Feudal Age |
| 8:35 | Create | Villager (Male) |
| 8:37 | Create | Villager (Male) |
| 9:03 | Research | Feudal Age |
| 9:49 | Create | Villager (Male) |
| 9:49 | Create | Villager (Male) |
| 11:48 | Age | Feudal Age |
| 11:50 | Build | Market |
| 11:52 | Build | Blacksmith |
| 12:05 | Research | Double-Bit Axe |
| 12:41 | Research | Castle Age |
| 12:41 | Research | Castle Age |
| 13:05 | Build | Lumber Camp |
| 13:09 | Research | Horse Collar |
| 13:49 | Build | House |
| 13:55 | Research | Loom |
| 15:21 | Age | Castle Age |
| 15:25 | Build | Castle |
| 15:38 | Research | Bow Saw |
| 15:40 | Create | Villager (Male) |
| 15:49 | Build | Siege Workshop |
| 15:58 | Create | Villager (Male) |
| 16:14 | Build | Farm |
| 16:34 | Build | Farm |
| 16:36 | Build | Farm |
| 16:39 | Create | Villager (Male) |
| 16:45 | Create | Mangonel |
| 16:56 | Build | Mill |
| 17:13 | Create | Villager (Male) |
| 17:22 | Build | Farm |
| 17:22 | Build | Farm |
| 17:22 | Build | Farm |
| 17:23 | Build | Farm |
| 17:23 | Build | Farm |
| 17:23 | Build | Farm |
| 17:23 | Build | Farm |
| 17:52 | Create | Villager (Male) |
| 18:02 | Build | Farm |
| 18:37 | Create | Villager (Male) |
| 18:37 | Create | Villager (Male) |
| 18:38 | Create | Villager (Male) |
| 18:41 | Build | Farm |
| 18:43 | Build | Farm |
| 19:02 | Create | Villager (Male) |
| 19:03 | Create | Villager (Male) |
| 19:03 | Create | Villager (Male) |
| 19:11 | Research | Wheelbarrow |
| 19:15 | Build | Farm |
| 19:17 | Create | Villager (Male) |
| 19:17 | Create | Villager (Male) |
| 19:19 | Create | Villager (Male) |
| 19:34 | Create | Villager (Male) |
| 19:34 | Create | Villager (Male) |
| 19:38 | Build | Farm |
| 19:46 | Research | Gold Mining |
| 20:03 | Build | Farm |
| 20:04 | Build | Farm |
| 20:34 | Build | Farm |
| 20:38 | Build | Farm |
| 20:42 | Create | Villager (Male) |
| 21:24 | Create | Villager (Male) |
| 21:44 | Research | Imperial Age |
| 22:18 | Create | Coustillier |
| 22:49 | Research | Scale Barding Armor |
| 22:50 | Research | Forging |
| 22:52 | Research | Hand Cart |
| 23:12 | Create | Coustillier |
| 23:33 | Build | Barracks |
| 24:07 | Create | Villager (Male) |
| 24:08 | Research | Two-Man Saw |
| 24:53 | Build | Stable |
| 24:59 | Research | Heavy Plow |
| 24:59 | Age | Imperial Age |
| 25:28 | Create | Trebuchet (Packed) |
| 25:42 | Build | Mining Camp |
| 26:37 | Create | Trebuchet (Packed) |
| 26:45 | Research | Pikeman (upgrade) |
| 26:45 | Create | Spearman |
| 27:01 | Create | Villager (Male) |
| 27:01 | Create | Villager (Male) |
| 27:13 | Build | Stone Wall |
| 27:29 | Create | Trebuchet (Packed) |
| 27:40 | Build | Stone Wall |
| 27:45 | Build | Stone Wall |
| 27:52 | Create | Villager (Male) |
| 27:53 | Create | Villager (Male) |
| 28:12 | Create | Trebuchet (Packed) |
| 29:09 | Create | Trebuchet (Packed) |
| 29:26 | Create | Scout Cavalry |
| 29:26 | Create | Scout Cavalry |
| 30:26 | Create | Spearman |
| 30:27 | Create | Spearman |
| 30:31 | Build | Barracks |
| 30:44 | Create | Villager (Male) |
| 30:45 | Create | Villager (Male) |
| 30:50 | Research | Cavalier (upgrade) |
| 30:51 | Research | Husbandry |
| 30:51 | Research | Husbandry |
| 30:52 | Create | Knight |
| 30:52 | Create | Knight |
| 30:52 | Create | Knight |
| 31:17 | Build | Barracks |
| 31:18 | Build | Barracks |
| 31:21 | Create | Spearman ×4 |
| 31:22 | Create | Spearman ×4 |
| 31:29 | Create | Villager (Male) |
| 31:30 | Create | Villager (Male) |
| 31:30 | Create | Villager (Male) |
| 31:45 | Build | House |
| 31:46 | Build | House |
| 31:47 | Build | House |
Build order — 乌西迪西
First 150 of 360 actions detected
| 0:01 | Create | Villager (Male) |
| 0:01 | Create | Villager (Male) |
| 0:04 | Build | House |
| 0:05 | Build | House |
| 0:22 | Create | Villager (Male) |
| 0:22 | Create | Villager (Male) |
| 1:49 | Create | Villager (Male) |
| 1:49 | Create | Villager (Male) |
| 1:51 | Build | Lumber Camp |
| 2:12 | Create | Villager (Male) |
| 2:12 | Create | Villager (Male) |
| 2:43 | Create | Villager (Male) |
| 2:44 | Create | Villager (Male) |
| 3:10 | Create | Villager (Male) |
| 3:10 | Create | Villager (Male) |
| 3:32 | Build | House |
| 3:50 | Create | Villager (Male) |
| 3:50 | Create | Villager (Male) |
| 4:16 | Create | Villager (Male) |
| 4:16 | Create | Villager (Male) |
| 4:43 | Create | Villager (Male) |
| 4:44 | Create | Villager (Male) |
| 5:02 | Create | Villager (Male) |
| 5:11 | Create | Villager (Male) |
| 5:11 | Create | Villager (Male) |
| 5:15 | Build | Mill |
| 5:21 | Create | Villager (Male) |
| 5:55 | Create | Villager (Male) |
| 6:11 | Build | House |
| 6:18 | Create | Villager (Male) |
| 6:50 | Research | Feudal Age |
| 7:01 | Build | House |
| 7:21 | Create | Villager (Male) |
| 9:00 | Age | Feudal Age |
| 9:02 | Create | Villager (Male) |
| 9:15 | Build | Town Center |
| 9:23 | Create | Villager (Male) |
| 9:23 | Create | Villager (Male) |
| 10:00 | Research | Horse Collar |
| 10:08 | Research | Double-Bit Axe |
| 10:08 | Research | Double-Bit Axe |
| 10:14 | Build | House |
| 10:16 | Build | House |
| 10:35 | Create | Villager (Male) |
| 10:50 | Create | Villager (Male) |
| 10:50 | Create | Villager (Male) |
| 10:54 | Build | Farm |
| 10:58 | Create | Villager (Male) |
| 11:09 | Build | Farm |
| 11:22 | Build | Farm |
| 11:24 | Create | Villager (Male) |
| 11:24 | Create | Villager (Male) |
| 11:35 | Research | Horse Collar |
| 11:54 | Create | Villager (Male) |
| 11:55 | Create | Villager (Male) |
| 11:58 | Build | Farm |
| 12:02 | Build | Farm |
| 12:04 | Build | Farm |
| 12:09 | Create | Villager (Male) |
| 12:10 | Create | Villager (Male) |
| 12:19 | Build | Farm |
| 12:21 | Create | Villager (Male) |
| 12:30 | Create | Villager (Male) |
| 12:34 | Build | Farm |
| 12:37 | Build | Farm |
| 12:42 | Create | Villager (Male) |
| 12:55 | Build | Farm |
| 13:00 | Create | Villager (Male) |
| 13:03 | Build | Farm |
| 13:16 | Create | Villager (Male) |
| 13:24 | Build | Farm |
| 13:35 | Create | Villager (Male) |
| 13:35 | Create | Villager (Male) |
| 13:42 | Build | Blacksmith |
| 13:50 | Create | Villager (Male) |
| 13:54 | Build | House |
| 13:55 | Build | House |
| 13:59 | Create | Villager (Male) |
| 13:59 | Create | Villager (Male) |
| 14:12 | Create | Villager (Male) |
| 14:13 | Create | Villager (Male) |
| 14:16 | Build | Farm |
| 14:22 | Build | Farm |
| 14:27 | Create | Villager (Male) |
| 14:35 | Build | Farm |
| 14:38 | Create | Villager (Male) |
| 14:45 | Create | Villager (Male) |
| 14:48 | Build | Farm |
| 14:51 | Build | Farm |
| 14:53 | Create | Villager (Male) |
| 14:58 | Create | Villager (Male) |
| 15:04 | Create | Villager (Male) |
| 15:07 | Create | Villager (Male) |
| 15:16 | Create | Villager (Male) |
| 15:27 | Build | Market |
| 15:59 | Build | Farm |
| 16:09 | Build | House |
| 16:10 | Build | House |
| 16:11 | Build | House |
| 16:12 | Build | House |
| 16:49 | Research | Castle Age |
| 16:59 | Build | Mining Camp |
| 17:07 | Create | Villager (Male) |
| 17:09 | Create | Villager (Male) |
| 17:38 | Create | Villager (Male) |
| 17:40 | Create | Villager (Male) |
| 17:59 | Build | Farm |
| 18:02 | Build | Farm |
| 18:23 | Create | Villager (Male) |
| 18:24 | Create | Villager (Male) |
| 18:55 | Create | Villager (Male) |
| 19:00 | Create | Villager (Male) |
| 19:34 | Create | Villager (Male) |
| 19:35 | Age | Castle Age |
| 19:37 | Research | Bow Saw |
| 19:38 | Research | Heavy Plow |
| 19:39 | Create | Villager (Male) |
| 19:42 | Research | Stone Mining |
| 19:43 | Create | Villager (Male) |
| 19:46 | Build | Farm |
| 19:52 | Build | Farm |
| 19:56 | Build | Farm |
| 20:05 | Build | Farm |
| 20:12 | Create | Villager (Male) |
| 20:13 | Create | Villager (Male) |
| 20:27 | Build | Mining Camp |
| 20:31 | Create | Villager (Male) |
| 20:35 | Build | Farm |
| 20:40 | Build | Farm |
| 20:44 | Build | Farm |
| 20:46 | Build | Farm |
| 20:48 | Create | Villager (Male) |
| 20:52 | Create | Villager (Male) |
| 20:55 | Build | Farm |
| 21:01 | Create | Villager (Male) |
| 21:08 | Build | Farm |
| 21:10 | Build | Farm |
| 21:13 | Create | Villager (Male) |
| 21:17 | Build | University |
| 21:23 | Create | Villager (Male) |
| 21:35 | Build | Siege Workshop |
| 21:38 | Create | Villager (Male) |
| 21:48 | Build | Lumber Camp |
| 22:12 | Build | Barracks |
| 22:17 | Research | Imperial Age |
| 22:24 | Research | Wheelbarrow |
| 22:26 | Research | Fletching |
| 22:34 | Create | Villager (Male) |
| 22:34 | Create | Villager (Male) |
| 22:36 | Create | Villager (Male) |
Build order — 630总监
First 150 of 359 actions detected
| 0:06 | Build | House |
| 0:09 | Build | House |
| 0:15 | Create | Villager (Male) |
| 0:16 | Create | Villager (Male) |
| 0:16 | Create | Villager (Male) |
| 0:16 | Create | Villager (Male) |
| 0:23 | Create | Villager (Male) |
| 0:44 | Build | House |
| 0:46 | Build | House |
| 1:36 | Create | Villager (Male) |
| 2:17 | Create | Villager (Male) |
| 2:17 | Create | Villager (Male) |
| 2:17 | Create | Villager (Male) |
| 2:35 | Build | Lumber Camp |
| 3:06 | Create | Villager (Male) |
| 3:07 | Create | Villager (Male) |
| 3:07 | Create | Villager (Male) |
| 4:08 | Create | Villager (Male) |
| 4:08 | Create | Villager (Male) |
| 4:08 | Create | Villager (Male) |
| 4:36 | Create | Villager (Male) |
| 4:37 | Create | Villager (Male) |
| 4:37 | Create | Villager (Male) |
| 5:10 | Create | Villager (Male) |
| 5:10 | Create | Villager (Male) |
| 5:11 | Create | Villager (Male) |
| 5:16 | Create | Villager (Male) |
| 5:45 | Create | Villager (Male) |
| 5:50 | Create | Villager (Male) |
| 6:24 | Build | Mill |
| 7:35 | Create | Villager (Male) |
| 7:35 | Create | Villager (Male) |
| 8:07 | Build | Mining Camp |
| 9:06 | Research | Feudal Age |
| 11:10 | Age | Feudal Age |
| 11:16 | Build | Market |
| 11:22 | Create | Villager (Male) |
| 11:23 | Create | Villager (Male) |
| 11:31 | Build | Blacksmith |
| 11:50 | Build | Farm |
| 11:58 | Build | House |
| 12:03 | Build | Farm |
| 12:13 | Research | Loom |
| 12:27 | Research | Castle Age |
| 12:38 | Research | Double-Bit Axe |
| 12:41 | Research | Horse Collar |
| 13:05 | Build | House |
| 13:06 | Build | House |
| 13:08 | Build | House |
| 13:09 | Build | House |
| 13:11 | Build | House |
| 13:33 | Build | Mining Camp |
| 15:01 | Age | Castle Age |
| 15:07 | Create | Villager (Male) |
| 15:07 | Create | Villager (Male) |
| 15:21 | Build | Town Center |
| 15:39 | Build | Town Center |
| 16:01 | Create | Villager (Male) |
| 16:01 | Create | Villager (Male) |
| 16:01 | Create | Villager (Male) |
| 16:33 | Build | Town Center |
| 16:57 | Build | Farm |
| 17:00 | Build | Farm |
| 17:05 | Create | Villager (Male) |
| 17:06 | Create | Villager (Male) |
| 17:10 | Create | Villager (Male) |
| 17:10 | Create | Villager (Male) |
| 17:10 | Create | Villager (Male) |
| 17:10 | Create | Villager (Male) |
| 17:21 | Build | House |
| 17:23 | Build | House |
| 17:24 | Build | House |
| 17:29 | Create | Villager (Male) |
| 17:53 | Build | Farm |
| 18:07 | Build | Farm |
| 18:11 | Create | Villager (Male) |
| 18:12 | Create | Villager (Male) |
| 18:31 | Build | Farm |
| 18:36 | Build | Farm |
| 18:37 | Create | Villager (Male) |
| 18:37 | Create | Villager (Male) |
| 18:53 | Build | Farm |
| 18:59 | Build | Farm |
| 19:00 | Create | Villager (Male) |
| 19:10 | Build | Farm |
| 19:18 | Build | Farm |
| 19:23 | Create | Villager (Male) |
| 19:36 | Build | Farm |
| 19:41 | Build | Farm |
| 19:46 | Build | Farm |
| 19:47 | Create | Villager (Male) |
| 19:48 | Create | Villager (Male) |
| 19:52 | Create | Villager (Male) |
| 20:10 | Build | Farm |
| 20:16 | Build | Farm |
| 20:17 | Create | Villager (Male) |
| 20:23 | Build | Farm |
| 20:24 | Create | Villager (Male) |
| 20:24 | Create | Villager (Male) |
| 20:28 | Create | Villager (Male) |
| 20:28 | Create | Villager (Male) |
| 20:36 | Build | House |
| 20:37 | Build | House |
| 20:39 | Build | House |
| 20:40 | Build | House |
| 20:42 | Create | Villager (Male) |
| 20:55 | Build | Lumber Camp |
| 20:56 | Create | Villager (Male) |
| 20:56 | Create | Villager (Male) |
| 20:56 | Create | Villager (Male) |
| 21:05 | Build | Farm |
| 21:10 | Build | Farm |
| 21:12 | Create | Villager (Male) |
| 21:12 | Create | Villager (Male) |
| 21:27 | Create | Villager (Male) |
| 21:27 | Create | Villager (Male) |
| 21:37 | Build | House |
| 21:39 | Build | House |
| 21:40 | Build | House |
| 21:41 | Build | House |
| 21:49 | Build | Monastery |
| 21:56 | Build | Farm |
| 21:58 | Create | Villager (Male) |
| 21:58 | Create | Villager (Male) |
| 21:58 | Create | Villager (Male) |
| 21:58 | Create | Villager (Male) |
| 22:05 | Create | Villager (Male) |
| 22:17 | Build | Farm |
| 22:22 | Build | Farm |
| 22:23 | Create | Villager (Male) |
| 22:24 | Create | Villager (Male) |
| 22:24 | Create | Villager (Male) |
| 22:24 | Create | Villager (Male) |
| 22:28 | Build | Farm |
| 22:33 | Create | Villager (Male) |
| 22:44 | Build | Farm |
| 22:51 | Create | Villager (Male) |
| 22:54 | Create | Villager (Male) |
| 22:54 | Create | Villager (Male) |
| 22:54 | Create | Villager (Male) |
| 23:02 | Build | Farm |
| 23:03 | Create | Villager (Male) |
| 23:08 | Build | Farm |
| 23:12 | Build | Farm |
| 23:18 | Create | Monk |
| 23:19 | Create | Monk |
| 23:25 | Build | Farm |
| 23:26 | Build | Farm |
| 23:26 | Build | Farm |
| 23:26 | Build | Farm |
Build order — 帅能当饭吃
First 150 of 369 actions detected
| 0:03 | Create | Villager (Male) |
| 0:03 | Create | Villager (Male) |
| 0:04 | Create | Villager (Male) |
| 0:05 | Build | House |
| 0:06 | Build | House |
| 0:07 | Create | Villager (Male) |
| 1:27 | Create | Villager (Male) |
| 1:46 | Build | Lumber Camp |
| 1:52 | Create | Villager (Male) |
| 2:07 | Create | Villager (Male) |
| 2:07 | Create | Villager (Male) |
| 2:32 | Create | Villager (Male) |
| 3:03 | Create | Villager (Male) |
| 3:29 | Build | House |
| 3:38 | Create | Villager (Male) |
| 3:57 | Create | Villager (Male) |
| 4:00 | Build | House |
| 4:13 | Create | Villager (Male) |
| 4:28 | Build | House |
| 4:38 | Create | Villager (Male) |
| 4:45 | Build | Mill |
| 4:45 | Create | Villager (Male) |
| 5:43 | Create | Villager (Male) |
| 5:43 | Create | Villager (Male) |
| 5:44 | Create | Villager (Male) |
| 6:01 | Create | Villager (Male) |
| 6:43 | Create | Villager (Male) |
| 7:09 | Create | Villager (Male) |
| 7:21 | Create | Villager (Male) |
| 7:41 | Build | Mining Camp |
| 8:41 | Build | Mining Camp |
| 8:43 | Research | Feudal Age |
| 10:34 | Create | Villager (Male) |
| 10:34 | Create | Villager (Male) |
| 10:58 | Age | Feudal Age |
| 10:59 | Build | Market |
| 11:04 | Build | Blacksmith |
| 11:06 | Build | House |
| 11:46 | Research | Castle Age |
| 12:00 | Research | Double-Bit Axe |
| 12:47 | Build | Farm |
| 12:49 | Build | Farm |
| 12:50 | Build | Farm |
| 12:53 | Build | Farm |
| 13:07 | Build | Farm |
| 13:09 | Build | Farm |
| 13:33 | Research | Horse Collar |
| 13:33 | Research | Horse Collar |
| 13:55 | Create | Villager (Male) |
| 14:28 | Age | Castle Age |
| 14:33 | Build | Castle |
| 14:35 | Research | Bow Saw |
| 14:54 | Create | Villager (Male) |
| 14:56 | Build | Farm |
| 15:11 | Create | Villager (Male) |
| 15:27 | Build | Farm |
| 15:34 | Build | Farm |
| 15:37 | Build | Farm |
| 15:44 | Create | Villager (Male) |
| 15:53 | Create | Gbeto |
| 15:53 | Create | Gbeto |
| 15:53 | Create | Gbeto |
| 15:58 | Create | Villager (Male) |
| 16:01 | Build | Farm |
| 16:04 | Build | Farm |
| 16:08 | Build | Farm |
| 16:12 | Build | Farm |
| 16:14 | Build | Farm |
| 16:15 | Create | Villager (Male) |
| 16:23 | Create | Gbeto |
| 16:50 | Create | Villager (Male) |
| 16:52 | Build | Farm |
| 16:54 | Build | Farm |
| 16:59 | Create | Gbeto |
| 17:04 | Build | Farm |
| 17:09 | Create | Gbeto |
| 17:10 | Create | Villager (Male) |
| 17:31 | Create | Gbeto |
| 17:35 | Build | Farm |
| 17:40 | Create | Petard |
| 17:48 | Create | Villager (Male) |
| 18:17 | Create | Petard |
| 18:18 | Create | Villager (Male) |
| 18:21 | Build | Farm |
| 18:22 | Build | Farm |
| 18:36 | Build | Lumber Camp |
| 18:38 | Create | Villager (Male) |
| 18:46 | Create | Gbeto |
| 18:48 | Research | Forging |
| 18:48 | Research | Forging |
| 19:06 | Create | Villager (Male) |
| 19:08 | Create | Gbeto |
| 19:24 | Create | Villager (Male) |
| 19:26 | Create | Gbeto |
| 19:49 | Create | Villager (Male) |
| 20:02 | Create | Gbeto |
| 20:52 | Create | Gbeto |
| 20:54 | Create | Villager (Male) |
| 20:54 | Create | Villager (Male) |
| 20:59 | Create | Villager (Male) |
| 21:03 | Build | Farm |
| 21:09 | Build | Farm |
| 21:17 | Create | Villager (Male) |
| 21:18 | Create | Gbeto |
| 21:24 | Create | Villager (Male) |
| 21:27 | Build | Town Center |
| 21:36 | Create | Villager (Male) |
| 21:38 | Build | Farm |
| 21:52 | Create | Gbeto |
| 21:53 | Create | Gbeto |
| 21:58 | Create | Gbeto |
| 22:05 | Create | Petard |
| 22:10 | Build | House |
| 22:11 | Create | Villager (Male) |
| 22:42 | Build | Farm |
| 22:45 | Build | Farm |
| 22:45 | Create | Villager (Male) |
| 22:50 | Build | House |
| 22:52 | Create | Villager (Male) |
| 22:57 | Create | Villager (Male) |
| 22:59 | Create | Gbeto |
| 23:01 | Create | Petard |
| 23:20 | Create | Villager (Male) |
| 23:21 | Create | Villager (Male) |
| 23:28 | Build | Town Center |
| 23:30 | Build | House |
| 23:32 | Build | House |
| 23:34 | Create | Villager (Male) |
| 23:56 | Create | Villager (Male) |
| 23:56 | Create | Villager (Male) |
| 23:58 | Create | Villager (Male) |
| 24:01 | Create | Villager (Male) |
| 24:01 | Create | Villager (Male) |
| 24:21 | Build | Farm |
| 24:21 | Build | Farm |
| 24:22 | Build | Farm |
| 24:22 | Build | Farm |
| 24:22 | Build | Farm |
| 24:22 | Build | Farm |
| 24:27 | Create | Petard |
| 24:30 | Build | House |
| 24:33 | Create | Villager (Male) |
| 25:16 | Create | Villager (Male) |
| 25:16 | Create | Villager (Male) |
| 25:20 | Build | Farm |
| 25:20 | Build | Farm |
| 25:20 | Build | Farm |
| 25:21 | Build | Farm |
| 25:21 | Build | Farm |
| 25:56 | Create | Villager (Male) |
Match timeline
| 9:00 | 乌西迪西 · age_up feudal |
| 10:31 | 晚辞小宝宝 · age_up feudal |
| 10:45 | 小吉弟弟 · age_up feudal |
| 10:58 | 帅能当饭吃 · age_up feudal |
| 11:07 | Lalo Salamanca · age_up feudal |
| 11:10 | 630总监 · age_up feudal |
| 11:48 | dark moon · age_up feudal |
| 11:48 | 小吉弟弟 · first_market_sell 100 wood |
| 12:19 | abc963852741 · age_up feudal |
| 14:06 | 晚辞小宝宝 · age_up castle |
| 14:19 | 晚辞小宝宝 · first_building Monastery |
| 14:28 | 帅能当饭吃 · age_up castle |
| 14:31 | 小吉弟弟 · age_up castle |
| 14:33 | 帅能当饭吃 · first_building Castle |
| 14:57 | Lalo Salamanca · age_up castle |
| 15:01 | 630总监 · age_up castle |
| 15:21 | dark moon · age_up castle |
| 15:25 | dark moon · first_building Castle |
| 15:49 | dark moon · first_building Siege Workshop |
| 15:51 | abc963852741 · first_building Barracks |
| 15:57 | abc963852741 · age_up castle |
| 16:09 | abc963852741 · first_building Siege Workshop |
| 16:23 | 晚辞小宝宝 · first_market_buy 100 food |
| 17:13 | Lalo Salamanca · first_building Siege Workshop |
| 18:49 | Lalo Salamanca · first_building Barracks |
| 19:35 | 乌西迪西 · age_up castle |
| 19:51 | abc963852741 · first_building Stable |
| 20:56 | dark moon · first_market_sell 100 stone |
| 20:58 | dark moon · first_market_buy 100 food |
| 21:07 | Lalo Salamanca · wall_segment Stone Wall x1 |
| 21:08 | Lalo Salamanca · wall_segment Stone Wall x1 |
| 21:24 | Lalo Salamanca · first_building Castle |
| 21:35 | 乌西迪西 · first_building Siege Workshop |
| 21:49 | 630总监 · first_building Monastery |
| 21:59 | 乌西迪西 · first_market_buy 100 food |
| 22:12 | 乌西迪西 · first_building Barracks |
| 22:38 | Lalo Salamanca · wall_segment Stone Wall x1 |
| 23:12 | 乌西迪西 · first_building Archery Range |
| 23:22 | 乌西迪西 · first_building Stable |
| 23:33 | dark moon · first_building Barracks |
| 23:41 | 小吉弟弟 · first_building Monastery |
| 23:41 | abc963852741 · first_building Castle |
| 24:10 | 630总监 · first_building Castle |
| 24:13 | 晚辞小宝宝 · first_building Castle |
| 24:14 | 小吉弟弟 · first_building Barracks |
| 24:53 | dark moon · first_building Stable |
| 24:59 | dark moon · age_up imperial |
| 25:09 | 乌西迪西 · first_building Castle |
| 25:30 | 乌西迪西 · age_up imperial |
| 26:04 | 帅能当饭吃 · first_market_sell 100 food |
| 26:08 | 小吉弟弟 · first_building Stable |
| 26:08 | 晚辞小宝宝 · first_market_sell 100 wood |
| 26:49 | 630总监 · first_market_sell 500 wood |
| 26:57 | 小吉弟弟 · first_building Castle |
| 27:13 | dark moon · wall_segment Stone Wall x1 |
| 27:26 | 晚辞小宝宝 · age_up imperial |
| 27:36 | 630总监 · first_building Barracks |
| 27:37 | 晚辞小宝宝 · first_building Barracks |
| 27:40 | dark moon · wall_segment Stone Wall x5 |
| 27:45 | dark moon · wall_segment Stone Wall x5 |
| 27:53 | abc963852741 · first_market_sell 100 food |
| 28:13 | abc963852741 · first_market_buy 100 stone |
| 29:25 | 小吉弟弟 · age_up imperial |
| 29:32 | 帅能当饭吃 · age_up imperial |
| 30:19 | 小吉弟弟 · first_building Siege Workshop |
| 30:29 | 630总监 · first_building Siege Workshop |
| 30:32 | 帅能当饭吃 · first_building Barracks |
| 30:55 | 帅能当饭吃 · first_building Siege Workshop |
| 31:01 | 630总监 · first_building Stable |
| 31:06 | 630总监 · age_up imperial |
| 31:09 | 帅能当饭吃 · first_building Archery Range |
| 31:20 | Lalo Salamanca · age_up imperial |
| 31:37 | 帅能当饭吃 · first_market_buy 100 wood |
| 34:47 | abc963852741 · age_up imperial |
| 34:49 | Lalo Salamanca · first_building Archery Range |
| 35:56 | 630总监 · first_building Archery Range |
| 38:45 | 乌西迪西 · first_market_sell 500 wood |
| 38:52 | 帅能当饭吃 · wall_segment Stone Wall x1 |
| 39:04 | 帅能当饭吃 · wall_segment Stone Wall x1 |
| 39:09 | 帅能当饭吃 · wall_segment Stone Wall x1 |
| 41:09 | 乌西迪西 · resign |
| 41:32 | abc963852741 · wall_segment Stone Wall x12 |
[ AI ANALYSIS · 1 CREDIT ]
What really happened in this match?
Wolo.gg analyzes every decision: build order, eco, micro, common mistakes by bracket. Personalized analysis on WhatsApp or Discord in 30 seconds.
Civ guide
Slavs
Perfil
Jugador #22499255